 Dungeon Crawl Stone Soup version 0.25-a0-549-g6e6e6501ad (webtiles) character file.

Game seed: 5703296968419138754, levelgen mode: deterministic

73 Esekla the Magician (level 4, 0/24 HPs)
             Began as a Deep Elf Wizard on Feb 23, 2020.
             Slain by a leopard gecko (4 damage)
             ... on level 3 of the Dungeon.
             The game lasted 00:20:08 (1945 turns).

Esekla the Magician (Deep Elf Wizard)               Turns: 1945, Time: 00:20:08

Health: 0/24       AC:  8    Str:  5    XL:     4   Next: 8%
Magic:  5/14       EV: 12    Int: 23    God:
Gold:   73         SH:  0    Dex: 13    Spells: 6/15 levels left

rFire    . . .     SeeInvis .   f - +0 short sword
rCold    . . .     Gourm    .   (no shield)
rNeg     . . .     Faith    .   n - +3 leather armour
rPois    .         Spirit   .   b - +0 hat
rElec    .         Reflect  .   (no cloak)
rCorr    .         Harm     .   (no gloves)
MR       .....                  m - +1 pair of boots
Stlth    ++........             (no amulet)
HPRegen  0.08/turn              (no ring)
MPRegen  0.14/turn              (no ring)

@: no status effects
A: no striking features
a: no special abilities


You were on level 3 of the Dungeon.
You were not hungry.

You visited 1 branch of the dungeon, and saw 3 of its levels.

You collected 73 gold pieces.

Inventory:

Hand Weapons
 f - a +0 short sword (weapon)
Missiles
 c - 18 poisoned darts (quivered)
Armour
 b - a +0 hat (worn)
 m - a +1 pair of boots (worn)
 n - a +3 leather armour (worn)
Scrolls
 g - 2 scrolls of magic mapping
 i - a scroll of immolation {unknown}
 k - a scroll of enchant armour
Potions
 a - a potion of haste {unknown}
 e - a potion of stabbing {unknown}
 h - a potion of ambrosia {unknown}
 l - a potion of curing {unknown}
Comestibles
 d - 5 rations


   Skills:
 + Level 0.1 Short Blades
 + Level 2.7 Dodging
 - Level 2.4 Stealth
 * Level 6.2 Spellcasting
 + Level 2.1 Conjurations
   Level 1.1 Summonings
 * Level 1.1 Translocations


You had 6 spell levels left.
You knew the following spells:

 Your Spells              Type           Power        Failure   Level  Hunger
a - Magic Dart            Conj           ###.         6%          1    None
b - Blink                 Tloc           N/A          13%         2    None
c - Mephitic Cloud        Conj/Pois/Air  ##......     30%         3    #......
f - Conjure Flame         Conj/Fire      ##......     26%         3    #......

Your spell library contained the following spells:

 Spells                   Type           Power        Failure   Level  Hunger
 Call Imp                 Summ           ##......     14%         2    None
 Slow                     Hex            #.......     22%         2    None


Dungeon Overview and Level Annotations

Branches:
Dungeon (3/15)

Altars:
Makhleb

Annotations:
D:3 Ijyb


Message History

Confirm with . or Enter, or press ? or * to list all spells.
Aiming: Mephitic Cloud (safe; 30% risk of failure)
Press: ? - help, Shift-Dir - straight line, f/p - Ijyb
Aim: Ijyb, wearing a +0 leather armour and carrying a wand of iceblast (5) (lightly wounded)
The ball explodes into a vile cloud!
The stinking cloud engulfs Ijyb but does no damage.
Ijyb is lightly wounded.
The leopard gecko bites you.
* * * LOW HITPOINT WARNING * * *
Ijyb is engulfed in noxious fumes.
The leopard gecko closely misses you.
Ijyb is engulfed in noxious fumes.
Casting: Mephitic Cloud (safe; 30% risk of failure)
Confirm with . or Enter, or press ? or * to list all spells.
Aiming: Mephitic Cloud (safe; 30% risk of failure)
Press: ? - help, Shift-Dir - straight line, f/p - Ijyb
Aim: Ijyb, wearing a +0 leather armour and carrying a wand of iceblast (5) (moderately wounded) That beam is likely to hit you.
Continue anyway?
Okay, then.
The leopard gecko bites you.
You die...

............)...._..#
..###..............##.
#.... #.#............
.. ##..# #...........#
...
#########.#...<...##
...
.......##..........##.#
######...#......<.....#
###............##
###......@(..#
#......lg..#
#....w.g...#
##<.......## #.......°#
#..........#
.............# .
##...........# #
#...........#


You could see Ijyb, a worm, a leopard gecko and a hobgoblin.

Vanquished Creatures
  2 adders
  An ooze (D:1)
  A worm (D:2)
  A dart slug (D:2)
  4 goblins
  8 hobgoblins
  2 ball pythons
  6 bats
  3 frilled lizards
  10 kobolds
  9 rats
47 creatures vanquished.

Notes
Turn   | Place    | Note
-------+----------+-------------------------------------------
     0 | D:1      | Esekla the Deep Elf Wizard began the quest for the Orb.
     0 | D:1      | Reached XP level 1. HP: 10/10 MP: 7/7
   243 | D:1      | Reached skill level 5 in Spellcasting
   260 | D:1      | Reached XP level 2. HP: 15/15 MP: 7/10
   914 | D:2      | Reached XP level 3. HP: 18/19 MP: 6/12
   956 | D:2      | Learned a level 2 spell: Blink
  1176 | D:1      | Learned a level 3 spell: Mephitic Cloud
  1180 | D:1      | Learned a level 3 spell: Conjure Flame
  1582 | D:2      | Reached skill level 6 in Spellcasting
  1713 | D:3      | Noticed Ijyb
  1754 | D:3      | Found a burning altar of Makhleb.
  1896 | D:3      | Reached XP level 4. HP: 16/24 MP: 7/14
  1945 | D:3      | Slain by a leopard gecko

Levels and vault maps discovered:
D:1:      mushboom_english_gardens, layout_basic, chequers_mini_garden,
          serial_bayou_pond_c, minmay_heptomino_d4
D:2:      layout_rooms, first_ration, serial_co_window_serial,
          co_window_paths_a, co_window_paths_b, co_window_paths_b,
          co_window_of_opportunity_a, co_window_corner_a,
          co_window_of_opportunity_c, co_window_2corner, co_window_paths_c,
          co_window_4corner_a, glass_columns_a, glass_columns_b, glass_columns_a
D:3:      layout_rooms, overflow_temple_1_default, minitemple, st_stairs_12,
          skrybe_limestone_x, bloody_makhleb, uniq_ijyb

Skill      XL: |  1  2  3 |
---------------+----------+-----
Spellcasting   | 5 6 |  6.2
Conjurations   | 2 |  2.1
Short Blades   | |  0.1
Dodging        | |  2.7
Stealth        | |  2.4
Summonings     | |  1.1
Translocations | |  1.1

Action                   |  1- 3 |  4- 6 || total
-------------------------+-------+-------++-------
Melee: Short sword       |    10 |     7 ||    17
 Cast: Magic Dart        |    95 |     4 ||    99
       Blink             |     1 |       ||     1
       Mephitic Cloud    |       |     2 ||     2
  Use: Scroll            |     5 |       ||     5
 Stab: Sleeping          |     5 |       ||     5
       Confused          |       |     1 ||     1
  Eat: Ration            |     1 |       ||     1
Armor: Robe              |     5 |       ||     5
       Leather armour    |     4 |     2 ||     6
Dodge: Dodged            |    22 |     5 ||    27

Table legend:
 A = Non-vault XP
 B = Vault XP
 C = Vault XP percentage of total XP
 D = Non-vault monster count
 E = Vault monster count
 F = Vault count percentage of total count
                 A         B        C        D         E       F
            +---------+---------+-------+---------+---------+-------
      Total |     100 |       5 |   4.8 |      44 |       3 |   6.4
            +---------+---------+-------+---------+---------+-------
        D:1 |      36 |       4 |  10.0 |      22 |       2 |   8.3
        D:2 |      44 |       0 |   0.0 |      17 |       0 |   0.0
        D:3 |      20 |       1 |   4.8 |       5 |       1 |  16.7
            +---------+---------+-------+---------+---------+-------
